AoeStats
← 从不压堡之人

Arena

509050786Analyzed
4v4 RM · 7d ago on Sep 25, 2026· 49m 2s· 8 players
Game mode
Random Map
Map size
Large (8 player)
Population
200
Speed
Normal
Resources
Standard
Victory
Conquest
Starting age
Dark Age
Ending age
Imperial Age
RankedLock teamsTeams togetherTeam positionsShared explorationLock speedFull tech treeHidden civsTurbo modeCheats
Victory
Defeat
🇨🇳 Mongols · China
1386
+10
🇨🇦 Varangians · Canada
1303
+13
🇨🇳 Persians · China
1297
+13
🇨🇳 Bohemians · China
1279
+14
🇨🇳 Koreans · China
1402
-18
🇨🇳 Saxons · China
1265
-14
1195
-11
🇨🇳 Spanish · China
1086
-7
dedw1ng
10:13 Feudal Age
14:43 Castle Age
13:30 Double-Bit Axe
16:05 Horse Collar
21:37 Bow Saw
21:53 Heavy Plow
22:29 Fervor
22:57 Loom
23:47 Wheelbarrow
25:54 Hand Cart
30:29 Imperial Age
28:28 Bloodlines
28:25 Scale Barding Armor
28:25 Gold Mining
28:48 Husbandry
28:58 Vendel Legacy
30:46 Chain Barding Armor
30:32 Cavalier
31:27 Forging
32:07 Conscription
32:48 Plate Barding Armor
32:34 Scale Mail Armor
33:13 Iron Casting
36:33 Light Cavalry
39:01 Blast Furnace
37:41 Hussar
42:20 Elite Jarl
事后诸葛亮
0:27 Loom
11:18 Feudal Age
15:31 Castle Age
14:06 Double-Bit Axe
15:11 Horse Collar
22:53 Wheelbarrow
28:32 Imperial Age
26:20 Heavy Plow
26:42 Bow Saw
28:01 Chemistry
28:05 Hand Cart
29:26 Wagenburg Tactics
29:43 Conscription
30:27 Ballistics
31:00 Fletching
31:10 Padded Archer Armor
30:39 Houfnice
32:59 Scale Mail Armor
32:29 Pikeman
33:09 Squires
32:57 Arson
33:25 Halberdier
35:56 Elite Skirmisher
36:32 Bodkin Arrow
36:52 Leather Archer Armor
36:10 Crossbowman
36:53 Arbalester
39:14 Bracer
MeHawK
8:39 Feudal Age
13:06 Castle Age
10:55 Loom
12:05 Double-Bit Axe
12:42 Stone Mining
19:04 Fletching
19:17 Gold Mining
20:09 Town Watch
26:22 Imperial Age
31:23 Bodkin Arrow
34:30 Conscription
34:18 Padded Archer Armor
37:01 Bracer
41:04 Wheelbarrow
Vic
6:29 Loom
9:26 Feudal Age
13:46 Castle Age
12:29 Double-Bit Axe
12:29 Horse Collar
23:26 Wheelbarrow
30:05 Imperial Age
27:20 Town Watch
27:54 Bow Saw
28:32 Gold Mining
28:54 Scale Barding Armor
29:00 Forging
28:52 Husbandry
29:03 Bloodlines
29:06 Stone Mining
30:25 Chain Barding Armor
30:00 Cavalier
31:47 Iron Casting
31:56 Gold Shaft Mining
32:24 Conscription
33:19 Hand Cart
32:57 Light Cavalry
33:18 Savar
35:24 Heavy Plow
36:41 Thumb Ring
35:56 Crossbowman
36:39 Kamandaran
36:03 Hussar
38:18 Chemistry
37:14 Murder Holes
37:29 Masonry
37:39 Fletching
37:50 Padded Archer Armor
38:50 Blast Furnace
38:26 Plate Barding Armor
46:00 Devotion
45:40 Capped Ram
46:33 Bodkin Arrow
46:45 Siege Ram
叫声乌鸦哥
10:01 Feudal Age
13:38 Castle Age
11:47 Double-Bit Axe
12:16 Horse Collar
14:31 Heavy Plow
15:38 Bow Saw
20:43 Wheelbarrow
21:36 Gold Mining
22:54 Hand Cart
23:28 Gold Shaft Mining
25:20 Town Watch
28:12 Imperial Age
25:49 Loom
26:07 Scale Mail Armor
27:56 Stone Mining
28:18 Heavy Rocket Cart
30:07 Chemistry
30:08 Two-Man Saw
29:23 Squires
28:49 Pikeman
29:46 Halberdier
31:18 Siege Engineers
32:19 Chain Mail Armor
32:15 Forging
32:18 Guilds
34:35 Iron Casting
34:22 Conscription
34:26 Shinkichon
34:07 Eupseong
34:30 Ballistics
35:26 Caravan
36:44 Treadmill Crane
36:50 Arrowslits
40:51 Masonry
42:18 Arson
43:04 Plate Mail Armor
42:24 Fletching
44:23 Bodkin Arrow
45:07 Architecture
45:20 Bracer
从不压堡之人
11:09 Feudal Age
15:10 Castle Age
12:58 Double-Bit Axe
12:54 Horse Collar
16:40 Bow Saw
17:49 Loom
18:55 Loom
22:27 Wheelbarrow
23:30 Town Watch
25:41 Hand Cart
29:56 Imperial Age
28:01 Caravan
28:38 Redemption
28:44 Stone Mining
28:45 Gold Mining
29:37 Ballistics
29:07 Fletching
29:42 Sanctity
29:33 Fervor
29:26 Inquisition
29:51 Town Patrol
31:39 Chemistry
30:34 Bodkin Arrow
31:58 Stone Shaft Mining
32:26 Two-Man Saw
32:19 Theocracy
32:00 Block Printing
32:10 Illumination
32:34 Conscription
32:54 Guilds
33:52 Scale Barding Armor
33:47 Bracer
34:37 Bloodlines
34:27 Husbandry
34:37 Bloodlines
34:30 Husbandry
35:58 Arrowslits
36:03 Guard Tower
36:08 Murder Holes
36:35 Chain Barding Armor
37:07 Masonry
36:59 Padded Archer Armor
39:27 Leather Archer Armor
39:47 Plate Barding Armor
39:09 Cavalier
40:00 Forging
41:52 Devotion
41:58 Atonement
42:54 Architecture
42:59 Keep
43:07 Supremacy
44:25 Cavalier
45:42 Iron Casting
45:38 Ring Archer Armor
44:53 Elite Conquistador
kirk
11:37 Feudal Age
12:31 Double-Bit Axe
12:27 Horse Collar
15:36 Castle Age
18:32 Bow Saw
19:10 Heavy Plow
23:20 Gold Mining
24:13 Wheelbarrow
25:02 Stone Mining
25:52 Gold Shaft Mining
29:36 Imperial Age
27:07 Fletching
27:51 Bodkin Arrow
28:10 Forging
28:00 Scale Mail Armor
29:00 Gambesons
29:16 Squires
29:02 Arson
29:57 Iron Casting
29:45 Chain Mail Armor
30:05 Elite Varangian Guard
31:39 Shield Wall
35:03 Pikeman
37:12 Bracer
37:17 Halberdier
38:27 Caravan
39:10 Ballistics
39:51 Chemistry
42:45 Conscription
43:56 Two-Man Saw
46:28 Capped Ram
48:00 Siege Ram
48:17 Siege Ram
B站胡某怎么还在种田
10:28 Feudal Age
12:05 Double-Bit Axe
14:34 Castle Age
12:35 Horse Collar
14:04 Wheelbarrow
15:34 Bow Saw
15:26 Heavy Plow
16:28 Loom
19:43 Fletching
24:51 Gold Mining
29:37 Imperial Age
27:29 Bodkin Arrow
27:35 Padded Archer Armor
27:58 Stone Mining
28:43 Gold Shaft Mining
29:09 Leather Archer Armor
29:11 Masonry
28:44 Treadmill Crane
28:36 Crossbowman
30:43 Arbalester
31:23 Bracer
31:55 Ballistics
32:34 Hand Cart
32:08 Town Watch
34:09 Two-Man Saw
34:26 Siege Engineers
34:52 Architecture
36:27 Chemistry
36:42 Architecture
36:08 Murder Holes
36:32 Scale Mail Armor
36:42 Forging
42:46 Leather Archer Armor
42:57 Conscription
43:48 Chain Mail Armor
44:08 Iron Casting
45:07 Ring Archer Armor
45:08 Plate Mail Armor
45:13 Iron Casting
45:06 Yeomen
44:32 Man-at-Arms
44:57 Gambesons
45:12 Squires
45:39 Caravan
45:22 Long Swordsman
45:22 Pikeman
45:48 Arson
46:01 Two-Handed Swordsman
47:36 Warwolf
47:03 Champion
47:29 Halberdier
Connection lost

Rejoining the realm…

Still unreachable

The connection could not be restored.

Session expired

The server has moved on; the page needs a fresh start.